 Dungeon Crawl Stone Soup version 0.29.1-15-g9cfb28693d (webtiles) character file.

Game seed: 11145658294823586305

171262 Gabide the Warrior (level 18, -13/157 HPs)
             Began as a Djinni Wanderer on Apr 26, 2023.
             Was a Priest of Ashenzari.
             Constricted to death by a shambling mangrove (14 damage)
             ... on level 2 of the Swamp.
             The game lasted 01:34:15 (24932 turns).

Gabide the Warrior (Djinni Wanderer)               Turns: 24932, Time: 01:34:16

Health: -13/157    AC: 14    Str: 12    XL:     18   Next: 64%
Gold:   2575       EV: 16    Int: 24    God:    Ashenzari [***...] SH:  0 Dex: 13

rFire   + . .      SeeInvis +   B - staff of cold
rCold   + . .      Faith    .   (no shield)
rNeg    . . .      Spirit   .   I - +2 robe {Will+}
rPois   ∞          Reflect  .   r - +1 helmet "At What Cost Knowledge?" {Range, Self} (curse)
rElec   .          Harm     .   x - +0 cloak
rCorr   .          Rampage  .   N - +2 pair of gloves "Soothsayer of Ashenzari" {Str+3, Self, Fort} (curse)
Will    ++...      Clarity  +   (boots unavailable)
Stlth   +.........              q - amulet of Ashenzari's Ordeal {Regen+, Self, Cun} (curse)
HPRegen 1.16/turn               G - ring of ice
MPRegen 0.00/turn               E - ring of Ashenzari's Bitterness {AC+4, Self, Fort} (curse)

@: grasped by roots, flying, constricted
A: sickness immunity, fire resistance 2, cold vulnerability 1, float, innate
caster, HP casting, extra vitality 1
a: Renounce Religion, Curse Item, Shatter the Chains


You were on level 2 of the Swamp.
You worshipped Ashenzari.
Ashenzari was most pleased with you.
You visited 5 branches of the dungeon, and saw 26 of its levels.

You collected 4160 gold pieces.
You spent 1585 gold pieces at shops.

Inventory:

Hand Weapons
 a - the +6 Majin-Bo {vamp, MP+6 Int+6}
   (You found it on level 2 of the Lair of Beasts)

   It heals its wielder for a portion of the damage dealt when they wound a
   living foe with it or with a spell.
   Its wielder's spells cost health as well as magical power.
   Int:       It affects your intelligence (+6).
   MP:        It affects your magic capacity (+6).
 K - a +5 dagger of electrocution
 V - the +9 shortbow of Bamivvokhle {flame, rF+ rN+}
   (You bought it in a shop on level 3 of the Dungeon)

   Any ammunition fired from it burns those it strikes, dealing additional fire
   damage.
   rF:        It protects you from fire.
   rN:        It protects you from negative energy.
Armour
 r - the cursed +1 helmet "At What Cost Knowledge?" (worn) {Range, Self}
   (You found it on level 6 of the Dungeon)

   It has a curse which improves the following skills: Ranged Combat: Ranged
   Weapons and Throwing.
   Introspection: Fighting and Spellcasting.
 x - a +0 cloak (worn)
 y - the +0 helmet of the Blind Marksman {rC++}
   (You found it on level 3 of the Swamp)

   rC:        It greatly protects you from cold.
 C - the +2 ratskin cloak {*Rats rPois rN+ Str-1 Int-1 Dex+1}
   (You found it on level 1 of the Lair of Beasts)

   When the wearer is hurt, rats may emerge from it to assist them.
   Str:       It affects your strength (-1).
   Int:       It affects your intelligence (-1).
   Dex:       It affects your dexterity (+1).
   rPois:     It protects you from poison.
   rN:        It protects you from negative energy.
 H - a +2 robe of cold resistance
 I - a +2 robe of willpower (worn)
 N - the cursed +2 pair of gloves "Soothsayer of Ashenzari" (worn) {Str+3, Self, Fort}
   (You found it on level 3 of the Lair of Beasts)

   It has a curse which improves the following skills: Introspection: Fighting
   and Spellcasting.
   Fortitude: Armour and Shields.
 X - the +2 leather armour of Zadghuty {rCorr Int+4 Dex-2}
   (You found it on level 15 of the Dungeon)

   Int:       It affects your intelligence (+4).
   Dex:       It affects your dexterity (-2).
   rCorr:     It protects you from acid and corrosion.
Magical Staves
 b - a staff of conjuration
 v - a staff of earth
 B - a staff of cold (weapon)
Jewellery
 l - a ring of protection from fire
 q - the cursed amulet of Ashenzari's Ordeal (around neck) {Regen+, Self, Cun}
   (You found it on level 3 of the Dungeon)

   [amulet of regeneration]

   Regen:     It increases your rate of health regeneration.
   It has a curse which improves the following skills: Introspection: Fighting
   and Spellcasting.
   Cunning:   Dodging and Stealth.
 E - the cursed ring of Ashenzari's Bitterness (right hand) {AC+4, Self, Fort}
   (You found it on level 1 of the Lair of Beasts)

   [ring of protection]

   AC:        It affects your AC (+4).
   It has a curse which improves the following skills: Introspection: Fighting
   and Spellcasting.
   Fortitude: Armour and Shields.
 G - a ring of ice (left hand)
 O - the ring of the Hare {EV+8}
   (You found it on level 4 of the Lair of Beasts)

   [ring of evasion]

   EV:        It affects your evasion (+8).
Wands
 d - a wand of polymorph (13)
 h - a wand of paralysis (14)
 s - a wand of roots (20)
 w - a wand of acid (11)
 J - a wand of digging (8)
 S - a wand of mindburst (10)
Scrolls
 g - 5 scrolls of vulnerability
 k - 3 scrolls of torment
 p - 14 scrolls of teleportation
 t - 3 scrolls of fog
 D - 3 scrolls of blinking
 L - 3 scrolls of summoning
 Q - a scroll of silence
 T - 3 scrolls of poison
 U - 3 scrolls of immolation
 W - 2 scrolls of fear
 Y - a scroll of enchant weapon
 Z - a scroll of magic mapping
Potions
 c - 7 potions of mutation
 e - 4 potions of cancellation
 f - 5 potions of heal wounds
 i - 10 potions of might
 j - 5 potions of flight
 m - 4 potions of lignification
 n - 13 potions of curing
 o - 4 potions of ambrosia
 u - 2 potions of resistance
 A - 3 potions of invisibility
 P - a potion of berserk rage
 R - 5 potions of haste
Miscellaneous
 z - a box of beasts
 F - a phial of floods
 M - a phantom mirror


   Skills:
 * Level 19.3(22.9) Fighting
 - Level 2.0 Short Blades
 + Level 14.4(15.9) Dodging
 * Level 16.1(19.9) Spellcasting
 - Level 2.0 Evocations


You had 12 spell levels left.
You knew the following spells:

 Your Spells              Type           Power      Damage    Failure   Level
a - Poisonous Vapours     Pois/Air       100%       N/A       0%          2
b - Ignite Poison         Fire/Tmut/Pois 88%        N/A       0%          3
c - Mephitic Cloud        Conj/Pois/Air  88%        N/A       0%          3
d - Inner Flame           Hex/Fire       88%        N/A       0%          3
e - Shock                 Conj/Air       100%       1d9       0%          1
f - Magic Dart            Conj           100%       1d8       0%          1
g - Foxfire               Conj/Fire      100%       2x1d9     0%          1
h - Ozocubu's Armour      Ice            100%       N/A       0%          3
i - Flame Wave            Conj/Fire      88%        2d19      0%          4
j - Iskenderun's Battles  Conj           88%        2d14      0%          5
k - Freezing Cloud        Conj/Ice/Air   66%        6-21      0%          5
l - Conjure Ball Lightni  Conj/Air       44%        3x3d15    1%          6
m - Ozocubu's Refrigerat  Ice            66%        4d22      1%          7

Your spell library contained the following spells:

 Spells                   Type           Power      Damage    Failure   Level


Dungeon Overview and Level Annotations

Branches:
Dungeon (15/15)            Temple (1/1) D:4            Lair (5/5) D:8
  Swamp (3/4) Lair:2        Snake (0/4) Lair:3        Slime (0/5) Lair:4
    Orc (2/2) D:9             Elf (0/3) Orc:2        Vaults (0/5) D:13
 Depths (0/4) D:15

Altars:
Ashenzari
Cheibriados
Dithmenos
Elyvilon
Fedhas
Gozag
Hepliaklqana
Makhleb
Nemelex Xobeh
Okawaru
Qazlal
Ru
Trog
Uskayaw
Wu Jian
Xom
Yredelemnul
Zin
The Shining One

Shops:
D:2 :   D:3 *   D:5 (   D:7 [   D:12 *!=   Orc:2 [(*:

Annotations:
D:11 exclusion: orange crystal statue
D:13 3 runed translucent doors, mursu's ghost, journeyman PaCA
Swamp:2 1 transporter, Keoguots's ghost, adept GnSk


Innate Abilities, Weirdness & Mutations

You are immune to sickness and miasma.
You are immune to poison.
Your flesh is very heat resistant. (rF++)
You are vulnerable to cold. (rC-)
You float through the air rather than walking.
You learn spells naturally, not from books.
Your magical power is your life essence.
You have superior vitality. (+4 MHP)


Message History

You feel a strong surge of power!
The heat is drained from your surroundings.
The ghoul resists.
The ghoul is lightly damaged.
Keoguots's ghost is moderately damaged.
The bog body resists.
The bog body is severely damaged.
You kill the tyrant leech!
The spriggan air mage is almost dead.
The shambling mangrove is moderately damaged.
The grasping roots constrict you!! The bog body barely misses you.
The spriggan air mage waves its arms in wide circles.
The air twists around and strikes you!
Casting: Ozocubu's Refrigeration (mildly dangerous; 1% risk of failure)
Press: ? - help, Q - select action, (/) - cycle Dir - look around, f - activate You feel a strong surge of power!
The heat is drained from your surroundings.
The ghoul resists.
The ghoul is lightly damaged.
Keoguots's ghost is moderately damaged.
The bog body resists.
The bog body is almost destroyed.
You kill the spriggan air mage!
The shambling mangrove is heavily damaged.
Keoguots's ghost hits you!
* * * LOW HITPOINT WARNING * * *
x2 The shambling mangrove hits you!
* * * LOW HITPOINT WARNING * * *
The grasping roots constrict you!
* * * LOW HITPOINT WARNING * * *
Unknown command.
Blink to where?
Press: ? - help, Dir - move target The roots grasp on you weakens, but your attempt to escape fails.
As you read the scroll of blinking, it crumbles to dust.
Keoguots's ghost hits you!
* * * LOW HITPOINT WARNING * * *
x2 The shambling mangrove barely misses you.
The grasping roots constrict you!
You die...

♣~~.~.♣♣♣♣♣~♣♣....♣~~...♣♣~~~.♣♣
♣♣.....♣♣..............♣♣♣♣...♣
♣~...~♣.......©.......♣ ♣♣...♣
♣~~~§~....#########...♣ ♣~..♣♣ ♣
♣~~~~....##8.....8##..♣♣♣~~.♣ ♣
♣..~~~...#...[.....#...♣.~~§♣ ♣
♣♣~~.....#.##.n.##.#..♣♣.~~.♣
♣♣♣..~~.~..#.##Wfn##.#..♣..~~.♣♣
.~~~...~~..#....@....#..♣<.~~~.♣
.~♣..>♣~...#.##...##.#..§~~..~~♣
♣~~~..~~~..#.##...##n#...~.....♣
.♣♣~.~~.~..#©....$.nn#...~~....♣
###..♣~~...##8$=[![8##.........♣
.##^~.♣♣....#########...♣~.~~.♣♣♣
.~.♣.♣♣♣♣.......©.......~~...♣♣♣♣
♣~.~..♣♣♣♣.............~~~.~§~.♣.
♣~..~..♣♣♣~~♣♣♣.~~~..~..~~~......


You could see a ghoul, a shambling mangrove, a bog body and Keoguots's ghost.

Vanquished Creatures
  Saint Roka (Orc:2)
  Jorgrun (D:14)
  Frances (Swamp:1)
  A fenstrider witch (Swamp:3)
  Donald (Orc:2)
  A fire giant (D:15)
  Louise (Swamp:3)
  2 orc warlords (Orc:1)
  2 eleionomae
  2 bunyips
  Josephine (Orc:2)
  Fannar (Lair:1)
  A rakshasa (D:15)
  13 hydras
  2 ghost crabs
  2 boulder beetles
  2 spriggan air magi
  3 centaur warriors
  3 catoblepae (Lair:5)
  5 two-headed ogres
  12 alligators
  15 death yaks
  Urug (Lair:1)
  A sun demon (D:12)
  6 spriggans
  2 orc high priests
  2 fire crabs (Lair:3)
  6 swamp dragons
  5 goliath frogs
  4 bog bodies
  A lindwurm (Lair:5)
  A deep elf pyromancer (D:15)
  Pikel (D:7)
  9 ugly things
  7 orc knights
  4 cyclopes
  4 orc sorcerers
  4 manticores
  A manticore (shapeshifter) (D:13)
  3 will-o-the-wisps
  4 elephants (Lair:4)
  A rust devil (D:12)
  4 torpor snails
  7 black mambas
  4 gargoyles
  4 cane toads
  An unseen horror (D:12)
  A freezing wraith (D:15)
  16 komodo dragons
  11 rime drakes (Lair:2)
  2 kobold demonologists (D:11)
  4 red devils (D:12)
  11 trolls
  4 bloated husks
  7 tyrant leeches
  A queen bee (shapeshifter) (D:13)
  7 hornets
  A polar bear (Lair:4)
  A blink frog (Lair:3)
  7 slime creatures (D:13)
  19 dream sheep
  A tarantella (shapeshifter) (D:13)
  2 centaur simulacra
  A ynoxinul (D:12)
  4 vampires
  A water elemental (D:12)
  41 yaks
  A human (shapeshifter) (D:13)
  7 wraiths
  12 wyverns
  10 basilisks
  13 steam dragons
  2 chaos spawn (D:12)
  25 vampire mosquitoes
  Menkaure (D:7)
  8 wargs
  2 acid dragons
  13 water moccasins
  7 swamp worms
  39 orc warriors
  2 swamp drakes
  2 sky beasts (D:6)
  5 black bears
  3 ice beasts
  10 ogres
  19 wolves
  11 centaurs
  6 kobold brigands
  A phantom (D:5)
  Blork the orc (Orc:2)
  14 bullfrogs
  2 scorpions
  9 wights
  4 killer bees (D:9)
  11 electric eels
  4 howler monkeys
  7 hounds
  2 jellies
  2 quasits (D:12)
  18 orc priests
  A gnoll bouda (D:6)
  An iguana (D:6)
  An iron imp (D:10)
  26 orc wizards
  8 gnolls
  4 adders
  2 shadow imps (D:5)
  2 white imps
  2 ufetubi
  4 worms
  5 dart slugs
  92 orcs
  4 bats
  7 endoplasms
  2 giant cockroaches
  10 hobgoblins
  4 jackals (D:4)
  5 quokkas
  9 ball pythons
  4 frilled lizards
  6 goblins
  26 kobolds
  7 rats
  A spectral orc (D:6)
  2 bushes
810 creatures vanquished.

Vanquished Creatures (collateral kills)
  A death yak (Lair:3)
  A torpor snail (Lair:1)
  4 ball lightnings
6 creatures vanquished.

Vanquished Creatures (others)
  A kobold (D:11)
  59 ball lightnings
  8 demonic plants (D:12)
  113 foxfires
  23 fungi
  30 plants
234 creatures vanquished.

Grand Total: 1050 creatures vanquished

Notes
Turn   | Place    | Note
-------+----------+-------------------------------------------
     0 | D:1      | Gabide the Djinni Wanderer began the quest for the Orb.
     0 | D:1      | Gabide set off with the following items: a +0 dagger, a
                  | scroll of blinking, a +0 robe, a wand of polymorph (3)the
                  | following spells memorised: Foxfire, Inner Flame, Ignite
                  | Poison, Shock, Mephitic Cloud.
     0 | D:1      | Reached XP level 1. HP: 18/18 MP: 0/0
   336 | D:1      | Reached XP level 2. HP: 21/23 MP: 0/0
   792 | D:1      | Found a faded altar of an unknown god.
  1312 | D:2      | Reached XP level 3. HP: 27/28 MP: 0/0
  1312 | D:2      | Learned a level 1 spell: Magic Dart
  2205 | D:2      | Reached XP level 4. HP: 29/33 MP: 0/0
  2338 | D:2      | Found Eteaq's Book Emporium.
  2564 | D:3      | Reached skill level 1 in Short Blades
  3091 | D:3      | Found Sajezosm's Assorted Antiques.
  3117 | D:3      | Bought a scroll labelled JOS NETWAETETU for 31 gold pieces
  3117 | D:3      | Bought an amethyst potion for 27 gold pieces
  3456 | D:4      | Reached XP level 5. HP: 9/38 MP: 0/0
  3456 | D:4      | Learned a level 2 spell: Poisonous Vapours
  3719 | D:4      | Reached skill level 3 in Fighting
  3751 | D:4      | Found a staircase to the Ecumenical Temple.
  3785 | D:4      | You are sucked into a shaft and drop 1 floor!
  3785 | D:5      | Entered Level 5 of the Dungeon
  3833 | D:5      | Found Luolulung's Antique Weapon Boutique.
  3912 | D:5      | Reached XP level 6. HP: 41/46 MP: 0/0
  4253 | D:5      | Reached skill level 4 in Fighting
  4470 | D:6      | Noticed a sky beast
  4474 | D:6      | Reached XP level 7. HP: 28/52 MP: 0/0
  4474 | D:6      | Learned a level 3 spell: Ozocubu's Armour
  4476 | D:6      | Reached skill level 5 in Spellcasting
  4683 | D:6      | Reached skill level 5 in Fighting
  4790 | D:6      | Reached XP level 8. HP: 54/59 MP: 0/0
  4881 | D:6      | Found a stormy altar of Qazlal.
  5141 | D:4      | Found a shadowy altar of Dithmenos.
  5229 | D:4      | Reached skill level 6 in Fighting
  5273 | D:4      | Found a hide-covered altar of Uskayaw.
  5417 | Temple   | Entered the Ecumenical Temple
  5467 | Temple   | Became a worshipper of Ashenzari the Shackled
  5907 | D:3      | Bought a pair of gloves for 139 gold pieces
  6008 | D:6      | Found a basalt altar of Yredelemnul.
  6375 | D:7      | Reached skill level 7 in Fighting
  6375 | D:7      | Reached XP level 9. HP: 64/68 MP: 0/0
  6375 | D:7      | Learned a level 4 spell: Flame Wave
  6375 | D:7      | Noticed Pikel
  6516 | D:7      | Found Giadeib's Armour Emporium.
  6535 | D:7      | Noticed Menkaure
  6539 | D:7      | Killed Menkaure
  6571 | D:7      | Reached skill level 8 in Fighting
  6576 | D:7      | Killed Pikel
  6642 | D:7      | Found an opulent altar of Gozag.
  6645 | D:7      | Found an opulent altar of Gozag.
  6647 | D:7      | Found an opulent altar of Gozag.
  6652 | D:7      | Found an opulent altar of Gozag.
  6907 | D:7      | Found an iron altar of Okawaru.
  6946 | D:8      | Reached skill level 9 in Fighting
  6946 | D:8      | Reached XP level 10. HP: 56/78 MP: 0/0
  7265 | D:8      | Reached skill level 5 in Dodging
  7346 | D:8      | Found a burning altar of Makhleb.
  7403 | D:8      | Found a staircase to the Lair.
  7645 | D:8      | Found a sacrificial altar of Ru.
  8030 | Lair:1   | Entered Level 1 of the Lair of Beasts
  8043 | Lair:1   | Noticed a komodo dragon
  8048 | Lair:1   | Killed a komodo dragon
  8057 | Lair:1   | Noticed a komodo dragon
  8060 | Lair:1   | Killed a komodo dragon
  8061 | Lair:1   | Reached XP level 11. HP: 81/85 MP: 0/0
  8061 | Lair:1   | Learned a level 5 spell: Iskenderun's Battlesphere
  8167 | Lair:1   | Noticed Fannar
  8172 | Lair:1   | Killed Fannar
  8173 | Lair:1   | Reached skill level 10 in Fighting
  8315 | Lair:1   | Reached * piety under Ashenzari
  8534 | Lair:1   | Found the +2 ratskin cloak {*Rats rPois rN+ Str-1 Int-1
                  | Dex+1}
  8534 | Lair:1   | Identified a scroll of acquirement
  8555 | Lair:1   | Acquired 905 gold pieces
  8688 | D:3      | Bought a scroll of teleportation for 93 gold pieces
  8688 | D:3      | Bought a dazzling ring mail for 279 gold pieces
  8688 | D:3      | Identified the +5 ring mail of Satisfaction {-Cast rElec
                  | rF+ Str+7} (You bought it in a shop on level 3 of the
                  | Dungeon)
  8689 | D:3      | Identified Sif Muna's Compendium of Filth (You found it on
                  | level 7 of the Dungeon)
  8689 | D:3      | Bought a brightly glowing shortbow for 248 gold pieces
  8689 | D:3      | Identified the +9 shortbow of Bamivvokhle {flame, rF+ rN+}
                  | (You bought it in a shop on level 3 of the Dungeon)
  8941 | Lair:1   | Noticed Urug
  8947 | Lair:1   | Killed Urug
  9130 | Lair:1   | Reached skill level 10 in Spellcasting
  9226 | Lair:1   | Reached skill level 11 in Fighting
  9312 | Lair:1   | Reached XP level 12. HP: 27/96 MP: 0/0
  9427 | Lair:2   | Found a staircase to the Swamp.
  9704 | Lair:2   | Reached skill level 12 in Fighting
  9769 | Lair:2   | Found the +6 Majin-Bo {vamp, MP+6 Int+6}
 10460 | Lair:3   | Noticed a five-headed hydra
 10466 | Lair:3   | Killed a five-headed hydra
 10653 | Lair:3   | Reached XP level 13. HP: 67/105 MP: 0/0
 10653 | Lair:3   | Learned a level 5 spell: Freezing Cloud
 10777 | Lair:3   | Reached skill level 13 in Fighting
 11396 | Lair:3   | Found a staircase to the Snake Pit.
 12306 | Lair:3   | Noticed a four-headed hydra
 12314 | Lair:3   | Killed a four-headed hydra
 12494 | Lair:3   | Noticed a four-headed hydra
 12499 | Lair:3   | Killed a four-headed hydra
 12501 | Lair:3   | Noticed an eight-headed hydra
 12505 | Lair:3   | Killed an eight-headed hydra
 12585 | Lair:3   | Reached skill level 14 in Fighting
 12690 | Lair:3   | Noticed an eight-headed hydra
 12700 | Lair:3   | Killed an eight-headed hydra
 13211 | Lair:3   | Reached skill level 10 in Dodging
 13211 | Lair:3   | Reached XP level 14. HP: 98/114 MP: 0/0
 13428 | Lair:4   | Found the ring of the Hare {EV+8}
 13736 | Lair:4   | Found a staircase to the Slime Pits.
 14084 | Lair:5   | Entered Level 5 of the Lair of Beasts
 14107 | Lair:5   | Reached skill level 15 in Fighting
 15340 | D:9      | Reached XP level 15. HP: 123/123 MP: 0/0
 15340 | D:9      | Learned a level 6 spell: Conjure Ball Lightning
 15439 | D:9      | Found a staircase to the Orcish Mines.
 15780 | D:10     | Entered Level 10 of the Dungeon
 15978 | D:10     | Found a hazy altar of Hepliaklqana.
 15989 | D:10     | Found a faded altar of an unknown god.
 16028 | D:10     | Found a snail-covered altar of Cheibriados.
 16481 | D:10     | Reached skill level 16 in Fighting
 16962 | D:11     | HP: 1/124 [electric eel/bolt of electricity (15)]
 17338 | D:11     | Identified the +3 morningstar of Juac {flame, rPois rN+
                  | Int-3}
 18103 | D:12     | Found Qojatil's Jewellery Shop.
 18127 | D:12     | Reached ** piety under Ashenzari
 18494 | D:12     | Found Duim's Distillery.
 18516 | D:12     | Bought a potion of heal wounds for 50 gold pieces
 18516 | D:12     | Bought a potion of heal wounds for 50 gold pieces
 18592 | D:12     | Found Xeotaugg's General Store.
 18600 | D:12     | Bought a scroll of fear for 64 gold pieces
 18600 | D:12     | Bought 2 scrolls of blinking for 240 gold pieces
 18778 | D:13     | Found a runed translucent gate.
 18778 | D:13     | Found a runed translucent gate.
 18778 | D:13     | Found a runed translucent gate.
 18778 | D:13     | Noticed mursu's ghost (journeyman PaCA)
 18804 | D:13     | Identified the +7 long sword of Compulsion {protect, rN+}
 19043 | D:13     | Found a gate to the Vaults.
 19429 | D:14     | Reached skill level 17 in Fighting
 19431 | D:14     | Reached XP level 16. HP: 135/135 MP: 0/0
 19707 | D:14     | Noticed Jorgrun
 19712 | D:14     | Killed Jorgrun
 19897 | D:15     | Entered Level 15 of the Dungeon
 19983 | D:15     | Found a sacrificial altar of Ru.
 20078 | D:15     | Identified the +2 leather armour of Zadghuty {rCorr Int+4
                  | Dex-2}
 20130 | D:15     | Found a staircase to the Depths.
 20130 | D:15     | Noticed a fire giant
 20141 | D:15     | Killed a fire giant
 20855 | Orc:1    | Entered Level 1 of the Orcish Mines
 21276 | Orc:1    | Identified the Directory of Production and Grit
 21278 | Orc:1    | Identified the ring "Xecorphe" {Drain rN+ Str+9 Dex+3}
 21658 | Orc:2    | Entered Level 2 of the Orcish Mines
 21719 | Orc:2    | Found a staircase to the Elven Halls.
 21748 | Orc:2    | Noticed Josephine
 21757 | Orc:2    | Killed Josephine
 21832 | Orc:2    | Noticed Blork the orc
 21836 | Orc:2    | Noticed Saint Roka
 21837 | Orc:2    | Noticed Donald
 21839 | Orc:2    | Reached skill level 15 in Spellcasting
 21842 | Orc:2    | Killed Blork the orc
 22023 | Orc:2    | Killed Donald
 22047 | Orc:2    | Killed Saint Roka
 22048 | Orc:2    | Reached skill level 18 in Fighting
 22116 | Orc:2    | Found Gyhag's Antique Weapon Emporium.
 22134 | Orc:2    | Found Zyegin's Antique Armour Emporium.
 22337 | Orc:2    | Found Qidiekk's General Store.
 22343 | Orc:2    | Bought a scroll of summoning for 133 gold pieces
 22343 | Orc:2    | Bought a potion of curing for 42 gold pieces
 22343 | Orc:2    | Bought a potion of curing for 42 gold pieces
 22343 | Orc:2    | Bought a scroll of teleportation for 42 gold pieces
 22343 | Orc:2    | Bought a scroll of blinking for 105 gold pieces
 22361 | Orc:2    | Found Cirytimu's Book Emporium.
 22692 | Orc:1    | Reached XP level 17. HP: 145/145 MP: 0/0
 22692 | Orc:1    | Learned a level 7 spell: Ozocubu's Refrigeration
 22939 | Swamp:1  | Entered Level 1 of the Swamp
 23222 | Swamp:1  | Noticed Frances
 23226 | Swamp:1  | Killed Frances
 23227 | Swamp:1  | Reached XP level 18. HP: 126/151 MP: 0/0
 23326 | Swamp:1  | Reached *** piety under Ashenzari
 23641 | Swamp:2  | Identified the +0 helmet of the Depths {rN+ rCorr Stlth+}
 23643 | Swamp:2  | Noticed Keoguots's ghost (adept GnSk)
 23645 | Swamp:2  | Found a transporter.
 23942 | Swamp:2  | Found a transporter.
 24411 | Swamp:3  | Noticed Louise
 24421 | Swamp:3  | Killed Louise
 24422 | Swamp:3  | Reached skill level 19 in Fighting
 24858 | Swamp:3  | Identified the +0 helmet of the Blind Marksman {rC++}
 24932 | Swamp:2  | HP: 3/157 [Keoguots's ghost (15)]
 24932 | Swamp:2  | HP: 1/157 [Keoguots's ghost (2)]
 24932 | Swamp:2  | Constricted to death by a shambling mangrove

Illustrated notes

Levels and vault maps discovered:
D:1:      dpeg_arrival_lava_temple_mockup, layout_loops_ring,
          chequers_ecumenical_altar_simple
D:2:      layout_loops_corners, serial_shops,
          nicolae_shop_temple_entry_statues_fountains, minmay_misc_feat_encased,
          st_stairs_10
D:3:      layout_basic, serial_shops, nicolae_shop_advertising_works
          [nicolae_subvault_shop_adworks]
D:4:      layout_basic, nicolae_uskayaw_suspiria, lemuel_doored_altar,
          minmay_temple_entry_trees
D:5:      layout_loops_ring, serial_shops, nicolae_shop_trees
D:6:      layout_basic, kennysheep_mini_moat,
          yredelemnul_forgotten_temple_becter, mainiacjoe_overflow_alcove_1
D:7:      layout_rooms, okawaru_altar_gauntlet_db, led_sif_book,
          nicolae_gozag_conspicuous_consumption, serial_shops,
          nicolae_lakefront_shop, uniq_menkaure, uniq_pikel
D:8:      layout_cave_pods, old_standard_altar, mainiacjoe_overflow_24_doors,
          minmay_lair_entry_grove, serial_park, serial_park_tiny_pond,
          serial_park_tiny_1, serial_park_tiny_2, serial_park_gazebo
          [serial_park_minivault_5x5_8]
D:9:      layout_basic, david_orc_1_choice, kennysheep_path_1
D:10:     layout_basic, slow_altar_1, beargit_hepliaklqana_dungeon_heroes,
          chequers_decorated_corner, kb_lookout_dungeons_type
D:11:     layout_basic, minmay_protected_statue
D:12:     layout_loops_ring, serial_shops, nicolae_shop_hallway_stairs,
          nicolae_inconvenience_store, shop, serial_demonic, serial_demonic_g,
          serial_demonic_e, serial_demonic_d, serial_demonic_f,
          serial_demonic_e, serial_demonic_b
D:13:     cheibrodos_elevator_heist, layout_basic, david_vaults_2,
          gammafunk_ghost_hydra_chop
D:14:     layout_big_octagon, columned_hall_lemuel, blue_anna_alchemist,
          uniq_jorgrun
D:15:     grunt_enter_depths_giant_problem, layout_loops_ring,
          nicolae_ru_the_path_less_chosen
Temple:   cyrus_temple_forest
Lair:1:   layout_regular_city, guppyfry_lair_drakes, lemuel_fruit_tree,
          uniq_fannar, uniq_urug
Lair:2:   statuecave_lemuel, layout_hall_layers, minmay_swamp_entry_swarm,
          bobbens_dragon_lair_wall
Lair:3:   nzn_winding_woodlands_huge [nzn_winding_woodlands_5x15_twine,
          nzn_winding_woodlands_5x15_sawtooth, nzn_winding_woodlands_5x15_cabin,
          nzn_winding_woodlands_5x15_default,
          nzn_winding_woodlands_5x15_river_crossing,
          nzn_winding_woodlands_5x15_concentric, nzn_winding_woodlands_5x15_eye,
          nzn_winding_woodlands_5x15_zeroes,
          nzn_winding_woodlands_5x15_lazy_stream,
          nzn_winding_woodlands_5x15_pool,
          nzn_winding_woodlands_center_pierced_h,
          nzn_winding_woodlands_center_triple_pond,
          nzn_winding_woodlands_15x15_boxy_spiral], layout_small_grid
Lair:4:   layout_loops_ring, slime_entry_1, grunt_megastairs_4
Lair:5:   evilmike_catoblepas_cave, layout_regular_city,
          infiniplex_staircase_pool
Swamp:1:  layout_basic_swamp, evilmike_swamp_ruin_rubble_1, uniq_aizul,
          uniq_frances
Swamp:2:  layout_falls_marsh, gammafunk_ghost_arena, evilmike_swamp_ruin_wall,
          swamp_pool4
Swamp:3:  layout_falls_marsh, nicolae_swamp_round_clearing, swamp_pool2,
          uniq_louise
Orc:1:    layout_caves, minmay_orc_treasury
Orc:2:    grunt_orc_cross, layout_caves, uniq_donald, uniq_josephine

Skill      XL: |  1  2  3  4  5  6  7  8  9 10 11 12 13 14 15 16 17 18 |
---------------+-------------------------------------------------------+-----
Dodging        | 2 5 7 8 10 11 12 13 14 | 14.4
Spellcasting   | 4 5 6 7 9 10 11 12 13 14 15 16 | 16.1
Short Blades   | 2 |  2.0
Fighting       | 3 4 5 7 9 11 12 14 15 17 18 19 | 19.3
Evocations     | |  2.0

Action                   |  1- 3 |  4- 6 |  7- 9 | 10-12 | 13-15 | 16-18 || total
-------------------------+-------+-------+-------+-------+-------+-------++-------
Melee: Dagger            |       |       |     5 |       |       |       ||     5
       Quarterstaff      |       |       |       |       |    16 |     5 ||    21
 Fire: Shortbow          |       |       |       |     7 |       |       ||     7
 Cast: Shock             |    31 |       |       |       |    27 |     1 ||    59
       Foxfire           |     4 |    25 |    12 |    19 |     7 |       ||    67
       Magic Dart        |    44 |    76 |    26 |       |       |       ||   146
       Ignite Poison     |       |    15 |    22 |    32 |     7 |     1 ||    77
       Poisonous Vapours |       |    10 |    16 |    45 |    10 |       ||    81
       Mephitic Cloud    |       |    11 |    18 |    14 |       |     1 ||    44
       Flame Wave        |       |       |    16 |    55 |   180 |    71 ||   322
       Iskenderun's Batt |       |       |       |    12 |    10 |     2 ||    24
       Ozocubu's Armour  |       |       |       |     1 |     2 |       ||     3
       Freezing Cloud    |       |       |       |       |    62 |     9 ||    71
       Conjure Ball Ligh |       |       |       |       |    14 |    11 ||    25
       Ozocubu's Refrige |       |       |       |       |       |   134 ||   134
Invok: Curse Item        |       |       |       |     2 |     1 |     1 ||     4
Evoke: Wand              |       |       |       |       |     1 |       ||     1
  Use: Scroll            |     4 |     9 |     2 |     8 |     3 |     4 ||    30
       Potion            |       |       |       |     1 |     3 |     4 ||     8
 Stab: Confused          |       |       |     1 |       |       |       ||     1
Armor: Robe              |     1 |     1 |     5 |    20 |    48 |    40 ||   115
       Leather armour    |       |       |     2 |     4 |       |       ||     6
       Troll leather arm |       |       |       |       |    40 |     5 ||    45
Dodge: Dodged            |     3 |    15 |    26 |   113 |   338 |   121 ||   616
